 Dungeon Sprint DCSS version 0.31-a0-152-g6aa68a64a1 (webtiles) character file.

Game seed: 3247963635764034540

7314 Conn the Scorcher (level 11, -6/64 HPs)
             Began as an Octopode Fire Elementalist on June 11, 2023.
             Was an Elder of Sif Muna.
             Killed from afar by a hellephant (36 damage)
             ... with a blast of flame
             ... in the Dungeon (Sprint II: "The Violet Keep of Menkaure").
             The game lasted 00:28:48 (2330 turns).

Conn the Scorcher (Octopode Fire Elementalist)      Turns: 2330, Time: 00:28:56

Health: -6/64      AC:  1    Str:  8    XL:     11   Next: 13%
Magic:  26/26      EV: 16    Int: 23    God:    Sif Muna [****..]
Gold:   324        SH:  5    Dex: 18    Spells: 8/33 levels left

rFire   + . .        g - +1 sling of Tenacity {freeze, Will- Int+2 Dex+7}
rCold   + . .        (no shield)
rNeg    . . .        (helmet restricted)
rPois   +            d - amulet of reflection
rElec   +            (no ring)
rCorr   +            (no ring)
SInv    .            (no ring)
Will    .....        (no ring)
Stlth   +++++        (no ring)
HPRegen 0.30/turn    (no ring)
MPRegen 0.20/turn    (no ring)
                     (no ring)

%: no teleportation, reflection
@: resistant, untranslocatable, unable to read
A: almost no armour, amphibious, 8 rings, camouflage 1, gelatinous body 1,
nimble swimmer 1, tentacles, tentacle spike 1, clumsy 1, inability to read after
injury 1
a: Renounce Religion, Channel Magic, Forget Spell, Divine Exegesis


You were in the Dungeon.
You worshipped Sif Muna.
Sif Muna was greatly pleased with you.
You visited 1 branch You collected 1594 gold pieces.
You spent 1270 gold pieces at shops.

Inventory:

Hand Weapons
 g - the +1 sling of Tenacity (weapon) {freeze, Will- Int+2 Dex+7}
   (You bought it in a shop in the Dungeon)

   Int:       It affects your intelligence (+2).
   Dex:       It affects your dexterity (+7).
   Will:      It decreases your willpower.
Jewellery
 d - an amulet of reflection (around mantle)
 o - a ring of ice
Scrolls
 f - 2 scrolls of blinking
 m - 2 scrolls of enchant weapon
 p - a scroll of vulnerability
 q - a scroll of amnesia
 r - a scroll of immolation
Potions
 a - 5 potions of magic
 b - 5 potions of curing
 e - a potion of lignification
 i - 2 potions of berserk rage
 j - a potion of resistance
 l - a potion of haste
 n - 2 potions of enlightenment


   Skills:
 + Level 2.1 Fighting
 + Level 5.9 Dodging
 - Level 6.3 Stealth
 + Level 5.2 Unarmed Combat
 + Level 11.9 Spellcasting
 * Level 8.9 Conjurations
 - Level 3.2 Hexes
 + Level 5.2 Summonings
 - Level 7.3 Translocations
 + Level 15.2 Fire Magic
 * Level 9.7 Invocations


You had 8 spell levels left.
You knew the following spells:

 Your Spells              Type           Power      Damage    Failure   Level
a - Foxfire               Conj/Fire      100%       2x1d9     1%          1
b - Scorch                Fire           100%       2d9       0%          2
c - Inner Flame           Hex/Fire       54%        N/A       1%          3
d - Flame Wave            Conj/Fire      62%        2d14      1%          4
e - Blink                 Tloc           94%        N/A       1%          2
f - Stone Arrow           Conj/Erth      68%        3d11      2%          3
g - Summon Guardian Gole  Hex/Summ       33%        N/A       2%          3
h - Orb of Destruction    Conj           26%        9d9       69%         7

Your spell library contained the following spells:

 Spells                   Type           Power      Damage    Failure   Level
 Lesser Beckoning         Tloc           94%        N/A       1%          2
 Momentum Strike          Conj/Tloc      100%       3d10      1%          2
 Volatile Blastmotes      Fire/Tloc      100%       2d18      1%          3
 Sandblast                Erth           26%        2d8       4%          1
 Passwall                 Tmut/Erth      10%        N/A       7%          2
 Spellforged Servitor     Conj/Summ      23%        N/A       91%         7


Dungeon Overview and Level Annotations

Branches:
Dungeon (1/1)

Altars:
Cheibriados
Dithmenos
Elyvilon
Fedhas
Gozag
Hepliaklqana
Kikubaaqudgha
Makhleb
Nemelex Xobeh
Okawaru
Qazlal
Ru
Sif Muna
Trog
Uskayaw
Vehumet
Wu Jian
Xom
Yredelemnul
Zin
The Shining One
Jiyva
Lugonu

Shops:
D *(:=([(:[?!((=!

Annotations:
D exclusions: ice statue, obsidian statue and oklob plant, Kirke


Innate Abilities, Weirdness & Mutations

You cannot wear most types of armour.
You are amphibious.
You can wear up to eight rings at the same time.
Your skin changes colour to match your surroundings (Stealth+).
Your rubbery body absorbs attacks. (AC +1, EV +1)
You are camouflaged when in or above water. (Stealth+)
You have tentacles for arms and can constrict up to eight enemies at once.
One of your tentacles bears a spike.
You are clumsy. (Dex -2)
You occasionally lose the ability to read scrolls when taking damage.


Message History

The purple draconian shifter is severely wounded.
Casting: Scorch (safe; 0% risk of failure)
Confirm with . or Enter, or press ? or * to list all spells.
Flames lash the purple draconian shifter.
The purple draconian shifter is burned terribly!
The purple draconian shifter is almost dead.
The purple draconian shifter points at you and mumbles some strange words.
You feel more firmly anchored in space.
You aren't carrying any items that you can evoke.
Unknown command.
Unknown command.
Unknown command.
Unknown command.
Unknown command.
Unknown command.
Magic courses through your body.
The purple draconian shifter gestures at you while chanting.
You feel more firmly anchored in space.
Casting: Scorch (safe; 0% risk of failure)
Confirm with . or Enter, or press ? or * to list all spells.
Okay, then.
Okay, then.
Unknown command.
Really read the scroll of torment?
As you read the scroll of torment, it crumbles to dust.
Your body is wracked with pain!
The purple draconian shifter convulses!
The purple draconian shifter gestures wildly while chanting.
The purple draconian shifter blinks!
Press: ? - help, v - describe, . - travel
Here: a hellephant (water) Some deep water.
Okay, then.
Unknown command.
You feel protected.
Your guardian golem disappears in a puff of smoke!
The hellephant breathes flames at you. The blast of flame hits you!!!
You resist.
You feel threatened and lose the ability to read scrolls!
Ouch! That really hurt!
You die...

#.#=}▓)[.(....▓▓ .q▓
.####▓..([.(..▓▓ ..▓
.##.#▓.[..[.(.▓▓ ..▓
.#..#▓..))....▓▓ ..▓
.#..#▓...)q..)▓▓ ⌠.▓
^##.#▓.[).).(.▓▓ ..▓
...##▓▓▓▓▓▓▓'▓▓▓▓)▓
~)~~~~~~~§~~...≈Y≈▓
#'########'###§≈@≈▓
#_._._...#§~~##≈≈≈▓
#._._._._#§§§≈####▓▓▓▓▓
#_._._._.#~§§~≈##..#..▓
#._._._._#~§§§≈≈#..#..▓
#.._._._.#§~§§§≈'..'..▓
#..._._._#~~~~§~#§.#..▓
#...._._.#§~§§§§▓..#..▓
#....._..#§≈§≈▓▓▓▓▓▓▓▓▓


You could see a hellephant (catching breath) and a purple draconian shifter
(combustible).

Vanquished Creatures
  A kraken (D)
  A sphinx (D)
  Sonja (D)
  2 deep trolls (D)
  A yaktaur (D)
  3 polar bears (D)
  A hornet (D)
  2 wyverns (D)
  Menkaure (D)
  4 water moccasins (D)
  2 swamp drakes (D)
  4 necrophages (D)
  5 scorpions (D)
  3 worms (D)
31 creatures vanquished.

Vanquished Creatures (others)
  A sphinx (D)
  209 foxfires (D)
  123 tentacles (D)
333 creatures vanquished.

Grand Total: 364 creatures vanquished

Notes
Turn   | Place    | Note
-------+----------+-------------------------------------------
     0 | D        | Conn the Octopode Fire Elementalist began the quest for the
                  | Orb.
     0 | D        | Reached XP level 1. HP: 11/11 MP: 3/3
     1 | D        | Noticed a wyvern
     1 | D        | Noticed a wyvern
     7 | D        | Noticed a scorpion
     7 | D        | Noticed a scorpion
    10 | D        | Noticed a necrophage
    10 | D        | Noticed a necrophage
    10 | D        | Noticed a necrophage
    10 | D        | Noticed a necrophage
    15 | D        | Killed a necrophage
    16 | D        | Reached skill level 6 in Fire Magic
    16 | D        | Reached XP level 2. HP: 17/17 MP: 3/6
    16 | D        | Reached XP level 3. HP: 21/21 MP: 4/8
    16 | D        | Reached XP level 4. HP: 27/27 MP: 4/9
    18 | D        | Killed a necrophage
    19 | D        | Reached skill level 1 in Unarmed Combat
    19 | D        | Reached skill level 7 in Fire Magic
    19 | D        | Reached XP level 5. HP: 31/31 MP: 4/11
    24 | D        | Reached skill level 5 in Stealth
    24 | D        | Reached skill level 8 in Fire Magic
    28 | D        | Reached skill level 5 in Spellcasting
    28 | D        | Reached skill level 9 in Fire Magic
    28 | D        | Reached XP level 6. HP: 36/36 MP: 4/13
    38 | D        | Learned a level 2 spell: Scorch
    42 | D        | Learned a level 3 spell: Inner Flame
    47 | D        | Learned a level 4 spell: Flame Wave
    49 | D        | Noticed an obsidian statue
    51 | D        | Noticed Menkaure
    54 | D        | Killed Menkaure
    55 | D        | Reached skill level 5 in Dodging
    55 | D        | Reached skill level 10 in Fire Magic
    59 | D        | Found Yro Taagg's Jewellery Boutique.
    60 | D        | Found Iferrel's Weapon Shop.
    60 | D        | Found Cajirog's Antique Weapon Boutique.
    60 | D        | Found Miuqi's Distillery.
    61 | D        | Found Ewko Emithras's Distillery.
    61 | D        | Noticed a water moccasin
    62 | D        | Found Hico's Antique Armour Shop.
    62 | D        | Found Timuq's Magic Scroll Boutique.
    63 | D        | Killed a water moccasin
    64 | D        | Found Temetreli's Book Shop.
    65 | D        | Found Segg's Weapon Shop.
    65 | D        | Found Puxze's Antique Armour Boutique.
    65 | D        | Noticed a black bear
    65 | D        | Noticed a black bear
    65 | D        | Noticed a black bear
    73 | D        | Found Sekereis's Antique Weapon Shop.
    73 | D        | Found Fiotirghue's Jewellery Boutique.
    73 | D        | Noticed an oklob plant
    73 | D        | Noticed a hell hog
    73 | D        | Noticed a hell hog
    74 | D        | Found Qoos Cileo's Antique Weapon Shop.
    74 | D        | Found Pitopn's General Store.
    74 | D        | Found Vemno's Book Shoppe.
    81 | D        | Bought a book of Spatial Translocations for 180 gold pieces
    84 | D        | Learned a level 2 spell: Blink
    86 | D        | Noticed a redback
    88 | D        | Noticed a redback
    88 | D        | Noticed a flying skull
    95 | D        | Bought a scroll of butterflies for 44 gold pieces
   114 | D        | Reached skill level 1 in Translocations
   114 | D        | Reached XP level 7. HP: 41/41 MP: 5/16
   169 | D        | Bought a potion of lignification for 33 gold pieces
   175 | D        | Bought a warped sling for 149 gold pieces
   175 | D        | Identified the +1 sling of Tenacity {freeze, Will- Int+2
                  | Dex+7} (You bought it in a shop in the Dungeon)
   217 | D        | Found an iron altar of Okawaru.
   217 | D        | Found an opulent altar of Gozag.
   218 | D        | Found a sparkling altar of Nemelex Xobeh.
   218 | D        | Found a blossoming altar of Fedhas.
   219 | D        | Found a radiant altar of Vehumet.
   219 | D        | Found a burning altar of Makhleb.
   219 | D        | Found a white marble altar of Elyvilon.
   220 | D        | Found a hide-covered altar of Uskayaw.
   220 | D        | Found a corrupted altar of Lugonu.
   220 | D        | Found a shadowy altar of Dithmenos.
   221 | D        | Found a glowing silver altar of Zin.
   221 | D        | Found a bloodstained altar of Trog.
   221 | D        | Found an ancient bone altar of Kikubaaqudgha.
   222 | D        | Found a basalt altar of Yredelemnul.
   222 | D        | Found a shimmering blue altar of Sif Muna.
   222 | D        | Found a viscous altar of Jiyva.
   223 | D        | Found a shimmering altar of Xom.
   223 | D        | Found a sacrificial altar of Ru.
   225 | D        | Found a glowing golden altar of the Shining One.
   225 | D        | Found an ornate altar of the Wu Jian Council.
   225 | D        | Found a stormy altar of Qazlal.
   225 | D        | Found a snail-covered altar of Cheibriados.
   225 | D        | Found a hazy altar of Hepliaklqana.
   231 | D        | Became a worshipper of Sif Muna the Loreminder
   244 | D        | Noticed a kraken
   370 | D        | Learned a level 3 spell: Stone Arrow
   507 | D        | Reached skill level 11 in Fire Magic
   507 | D        | Reached skill level 1 in Invocations
   626 | D        | Noticed a yaktaur
   626 | D        | Noticed a hornet
   626 | D        | Noticed a polar bear
   627 | D        | Noticed a polar bear
   632 | D        | Killed a polar bear
   632 | D        | Reached * piety under Sif Muna
   633 | D        | Reached skill level 1 in Fighting
   633 | D        | Reached XP level 8. HP: 41/48 MP: 8/18
   637 | D        | Killed a polar bear
   638 | D        | Killed a hornet
   639 | D        | Reached skill level 5 in Unarmed Combat
   639 | D        | Reached skill level 12 in Fire Magic
   639 | D        | Gained mutation: You occasionally lose the ability to read
                  | scrolls when taking damage. [potion of mutation]
   639 | D        | Gained mutation: One of your tentacles bears a spike.
                  | [potion of mutation]
   639 | D        | Gained mutation: You are clumsy. (Dex -2) [potion of
                  | mutation]
   650 | D        | Killed a yaktaur
   651 | D        | Reached skill level 1 in Hexes
   651 | D        | Reached skill level 5 in Translocations
   651 | D        | Reached skill level 5 in Invocations
   668 | D        | Reached ** piety under Sif Muna
   669 | D        | Reached skill level 5 in Conjurations
   672 | D        | Reached XP level 9. HP: 38/54 MP: 15/21
   675 | D        | Noticed a polar bear
   680 | D        | Killed a polar bear
   750 | D        | Reached *** piety under Sif Muna
   767 | D        | Reached **** piety under Sif Muna
   768 | D        | Reached skill level 13 in Fire Magic
   785 | D        | Bought an amulet of reflection for 420 gold pieces
   818 | D        | Bought a scroll of fear for 44 gold pieces
   834 | D        | Noticed a centaur warrior
   834 | D        | Noticed Kirke
   834 | D        | Noticed a yaktaur captain
   988 | D        | Noticed an ice statue
  1006 | D        | Noticed a deep troll
  1006 | D        | Noticed a deep troll
  1022 | D        | Killed a deep troll
  1236 | D        | Killed a deep troll
  1237 | D        | Reached XP level 10. HP: 60/60 MP: 3/23
  1396 | D        | Bought a book of Dangerous Friends for 400 gold pieces
  1400 | D        | Learned a level 3 spell: Summon Guardian Golem
  1408 | D        | Learned a level 7 spell: Orb of Destruction
  1997 | D        | Killed a kraken
  1998 | D        | Reached skill level 10 in Spellcasting
  1998 | D        | Reached skill level 14 in Fire Magic
  2144 | D        | Noticed a sphinx
  2144 | D        | Noticed a sphinx
  2173 | D        | Killed a sphinx
  2180 | D        | Killed a sphinx
  2181 | D        | Reached skill level 5 in Summonings
  2181 | D        | Reached skill level 15 in Fire Magic
  2181 | D        | Reached XP level 11. HP: 45/64 MP: 23/26
  2305 | D        | Noticed a purple draconian shifter
  2305 | D        | Noticed a hellephant
  2305 | D        | Noticed Sonja
  2309 | D        | Killed Sonja
  2330 | D        | Killed from afar by a hellephant

Illustrated notes

Levels and vault maps discovered:
D:        the_violet_keep_of_menkaure [sprint2_stairs_cluster_1,
          sprint2_shoproom, sprint2_temple, sprint2_basic_supplies,
          sprint2_obstacle_5, sprint2_obstacle_2, sprint2_obstacle_3,
          sprint2_obstacle_1, sprint2_obstacle_6, sprint2_timed_cluster_1,
          sprint2_smallroom_cluster_1, sprint2_smallroom_final_cluster_1,
          sprint2_transparent_cluster_1, sprint2_second_timed_cluster_1,
          sprint2_sniper_area_1, sprint2_heavy_combat_area_1,
          sprint2_mutation_trap_area_1, sprint2_forest_area_1,
          sprint2_light_combat_area_1, sprint2_behind_water_1,
          sprint2_near_end_vault_1]

Skill      XL: |  1  2  3  4  5  6  7  8  9 10 |
---------------+-------------------------------+-----
Dodging        | 3 4 5 |  5.9
Stealth        | 4 5 6 |  6.3
Spellcasting   | 3 4 5 6 7 8 9 11 | 11.9
Fire Magic     | 6 7 9 10 11 12 13 15 | 15.2
Unarmed Combat | 1 2 3 4 5 |  5.2
Translocations | 1 3 5 7 |  7.3
Conjurations   | 3 5 7 8 |  8.9
Invocations    | 3 5 7 9 |  9.7
Fighting       | 1 2 |  2.1
Hexes          | 1 2 3 |  3.2
Summonings     | 5 |  5.2

Action                     |  1- 3 |  4- 6 |  7- 9 | 10-12 || total
---------------------------+-------+-------+-------+-------++-------
  Melee: Unarmed           |     3 |    11 |     5 |       ||    19
         Constrict         |     1 |     3 |     1 |       ||     5
         Tentacles         |     1 |     3 |       |       ||     4
   Fire: Sling             |       |       |       |     1 ||     1
   Cast: Scorch            |       |     4 |    30 |    38 ||    72
         Foxfire           |       |     3 |    52 |    85 ||   140
         Inner Flame       |       |       |     6 |    12 ||    18
         Flame Wave        |       |       |     4 |     1 ||     5
         Summon Guardian G |       |       |       |     4 ||     4
         Blink             |       |       |       |     2 ||     2
 Invoke: Channel Magic     |       |       |     1 |     3 ||     4
    Use: Potion            |     2 |       |     7 |     3 ||    12
         Scroll            |       |       |     6 |     2 ||     8
 Armour: Skin              |       |     1 |     5 |       ||     6
  Dodge: Dodged            |       |     3 |    18 |     5 ||    26
  Block: Other             |       |       |       |     1 ||     1

Table legend: (Time is in decaauts)
 A = Elapsed time spent in this place.
 B = Non-inter-level travel time spent in this place.
 C = Inter-level travel time spent in this place.
 D = Time resting spent in this place.
 E = Time spent auto-exploring this place.
 F = Levels seen in this place.
 G = Mean time per level.
                   A        B        C        D        E       F      G
               +--------+--------+--------+--------+--------+-----+--------+
         Total |   2320 |   2299 |     21 |    952 |      0 |   1 | 2320.0 |
       Dungeon |   2320 |   2299 |     21 |    952 |      0 |   1 | 2320.0 |
               +--------+--------+--------+--------+--------+-----+--------+

Top non-repeatable levels by time:
       D: 2320 daAuts
